 Dungeon Crawl Stone Soup version 0.22.1-5-g62c59d9 (webtiles) character file.

664 Fang the Chopper (level 7, -5/66 HPs)
             Began as a Gargoyle Berserker on Jan 4, 2019.
             Was a Priest of Trog.
             Slain by an ice beast (12 damage)
             ... on level 5 of the Dungeon on Jan 7, 2019.
             The game lasted 00:05:33 (3373 turns).

Fang the Chopper (Gargoyle Berserker)               Turns: 3373, Time: 00:05:33

Health: -5/66      AC: 10    Str: 25    XL:     7   Next: 57%
Magic:  7/7        EV: 13    Int:  8    God:    Trog [***...]
Gold:   216        SH:  0    Dex:  9    Spells: 6/6 levels left

rFire    . . .     SeeInvis +   a - +0 hand axe
rCold    . . .     Gourm    .   (no shield)
rNeg     + . .     Faith    .   i - +0 troll leather armour
rPois    ∞         Spirit   .   (no helmet)
rElec    +         Reflect  .   x - +0 cloak "Jideckath" {Str+2 SInv}
rCorr    .         Harm     .   (no gloves)
MR       .....                  (no boots)
Stlth    ..........             (no amulet)
HPRegen  0.61/turn              e - -4 ring of strength (curse)
MPRegen  0.10/turn              b - ring of attention (curse)

@: berserking, very quick
A: negative energy resistance 1, electricity resistance, unbreathing,
petrification resistance, rot immunity, AC +4
a: Berserk, Trog's Hand, Renounce Religion


You were on level 5 of the Dungeon.
You worshipped Trog.
Trog was most pleased with you.
You were very hungry.

You visited 1 branch of the dungeon, and saw 5 of its levels.

You collected 216 gold pieces.

Inventory:

Hand Weapons
 a - a +0 hand axe (weapon)
Armour
 i - a +0 troll leather armour (worn)
 x - the +0 cloak "Jideckath" (worn) {Str+2 SInv}
   (You found it on level 4 of the Dungeon)

   It affects your strength (+2).
   It lets you see invisible.
Jewellery
 b - a cursed ring of attention (right hand)
 e - a cursed -4 ring of strength (left hand)
 t - an uncursed ring of stealth {unknown}
Wands
 v - a wand of polymorph (8)
Scrolls
 d - a scroll of magic mapping {unknown}
 h - 2 scrolls of identify {unknown}
 j - 2 scrolls of amnesia {unknown}
 k - a scroll of enchant armour {unknown}
 m - 2 scrolls of immolation {unknown}
 n - 2 scrolls of remove curse {unknown}
 o - 2 scrolls of blinking {unknown}
 p - 2 scrolls of enchant weapon {unknown}
 q - 2 scrolls of fog {unknown}
 u - a scroll of fear {unknown}
 w - a scroll of teleportation {unknown}
Potions
 f - 2 potions of mutation {unknown}
 g - 5 potions of lignification {unknown}
 l - a potion of invisibility {unknown}
 s - a potion of heal wounds {unknown}
Comestibles
 c - 9 rations


   Skills:
 + Level 5.0 Fighting
 + Level 5.6 Axes
 + Level 3.3 Armour
 + Level 3.5 Dodging
 + Level 0.8 Stealth


You had 6 spell levels left.
You didn't know any spells.
Your spell library was empty.

Dungeon Overview and Level Annotations

Branches:
Dungeon (5/15)
 Temple: D:4-7

Altars:
Ashenzari
Okawaru
Qazlal
Ru


Innate Abilities, Weirdness & Mutations

You are resistant to torment.
Your stone body is resilient. (AC +4)
You are immune to poison.
You resist negative energy. (rN+)
You are resistant to electric shocks. (rElec)
You can survive without breathing.
You are immune to petrification.
You are immune to rotting.


Message History

You are too injured to fight recklessly!
You are too injured to fight recklessly!
You are too injured to fight recklessly!
You are too injured to fight recklessly!
A red film seems to cover your vision as you go berserk!
You feel yourself moving faster!
You feel mighty!
You are feeling very hungry.
The ice beast hits you.
* * * LOW HITPOINT WARNING * * *
The ice beast freezes you.
* * * LOW HITPOINT WARNING * * *
You slash the ice beast!
The ice beast is heavily wounded.
Unknown command.
You slash the ice beast!
The ice beast is almost dead.
The ice beast hits you.
* * * LOW HITPOINT WARNING * * *
The ice beast freezes you!
You die...

.$ ... ##
####.## ...
.....
..##...#####.
..........#
###Y....##
#...@....#
#.#..<...#
#...#..#
#.#.# .#
#.#.. #
#.#### #. #.


You could see an ice beast.

Vanquished Creatures
  Sigmund (D:4)
  A phantom (D:4)
  A wyvern zombie (D:3)
  The ghost of nxtlvl the Skirmisher, a weakling KoFi (D:3)
  Crazy Yiuf (D:2)
  A bullfrog skeleton (D:4)
  A hound (D:4)
  An orc wizard (D:4)
  2 worker ants (D:4)
  A hound skeleton (D:4)
  A worker ant zombie (D:3)
  4 adders
  An ooze (D:1)
  An adder zombie (D:3)
  3 worms
  3 dart slugs (D:2)
  A leopard gecko (D:4)
  6 orcs (D:4)
  3 giant cockroaches
  9 goblins
  6 hobgoblins
  8 jackals
  8 kobolds
  A quokka (D:3)
  A ball python (D:1)
  9 bats
  5 frilled lizards
  A jackal skeleton (D:4)
  9 rats
91 creatures vanquished.

Notes
Turn   | Place    | Note
-------+----------+-------------------------------------------
     0 | D:1      | Fang the Gargoyle Berserker began the quest for the Orb.
     0 | D:1      | Reached XP level 1. HP: 14/14 MP: 1/1
    81 | D:1      | Reached XP level 2. HP: 12/19 MP: 2/2
   337 | D:1      | Reached XP level 3. HP: 15/24 MP: 3/3
   574 | D:1      | Reached ** piety under Trog
  1281 | D:2      | Found an iron altar of Okawaru.
  1345 | D:2      | Reached XP level 4. HP: 25/29 MP: 4/4
  1417 | D:2      | Found a faded altar of an unknown god.
  1568 | D:2      | Found a runed door.
  1694 | D:2      | Found a shattered altar of Ashenzari.
  1812 | D:2      | Noticed Crazy Yiuf
  1817 | D:2      | Killed Crazy Yiuf
  2082 | D:3      | Found a stormy altar of Qazlal.
  2145 | D:3      | Reached XP level 5. HP: 20/33 MP: 5/5
  2308 | D:3      | Found a runed gate.
  2309 | D:3      | Found a runed gate.
  2310 | D:3      | Found a runed gate.
  2317 | D:3      | Noticed nxtlvl's ghost (weakling KoFi)
  2406 | D:3      | Found a sacrificial altar of Ru.
  2584 | D:3      | Reached *** piety under Trog
  2586 | D:3      | Killed nxtlvl's ghost
  2586 | D:3      | Reached XP level 6. HP: 39/39 MP: 6/6
  2824 | D:4      | Upgraded the game from 0.22.1-2-g9c5b331 to
                  | 0.22.1-5-g62c59d9
  2830 | D:4      | Noticed a phantom
  2866 | D:4      | Killed a phantom
  2885 | D:4      | Reached skill level 5 in Axes
  2885 | D:4      | Reached XP level 7. HP: 44/44 MP: 7/7
  2965 | D:4      | Noticed Sigmund
  2976 | D:4      | Killed Sigmund
  2976 | D:4      | Reached skill level 5 in Fighting
  3338 | D:4      | Got a fine cloak
  3349 | D:4      | Identified the +0 cloak "Jideckath" {Str+2 SInv} (You found
                  | it on level 4 of the Dungeon)
  3364 | D:5      | Entered Level 5 of the Dungeon
  3373 | D:5      | Slain by an ice beast

Skill      XL: |  1  2  3  4  5  6  7 |
---------------+----------------------+-----
Axes           | 3 4 5 |  5.6
Dodging        | 2 3 |  3.5
Fighting       | 4 5 |  5.0
Armour         | 3 |  3.3
Stealth        | |  0.8

Action                   |  1- 3 |  4- 6 |  7- 9 || total
-------------------------+-------+-------+-------++-------
Melee: Hand axe          |   153 |   197 |    48 ||   398
Invok: Berserk           |     1 |     2 |     2 ||     5
  Eat: Chunk             |     2 |     7 |     3 ||    12
Armor: Animal skin       |    34 |       |       ||    34
       Troll leather arm |    29 |    86 |    15 ||   130
Dodge: Dodged            |   125 |   124 |    18 ||   267
